 Dungeon Crawl Stone Soup version 0.27-a0-1559-g299f9947c5 (webtiles) character file.

Game seed: 10885386227631376357

34 HAL9000 the Sneak (level 3, 0/18 HPs)
             Began as a Vine Stalker Brigand on July 16, 2021.
             Slain by a phantom (1 damage)
             ... on level 3 of the Dungeon.
             The game lasted 00:01:43 (1923 turns).

HAL9000 the Sneak (Vine Stalker Brigand)            Turns: 1923, Time: 00:01:44

Health: 0/18       AC:  7    Str: 14    XL:     3   Next: 31%
Magic:  0/4        EV: 11    Int: 11    God:
Gold:   67         SH:  0    Dex: 15    Spells: 2/2 levels left

rFire    + . .     SeeInvis .   a - +2 dagger
rCold    . . .     Faith    .   (no shield)
rNeg     . . .     Spirit   +   b - +0 robe
rPois    .         Reflect  .   (no helmet)
rElec    .         Harm     .   c - +0 cloak
rCorr    .         Rampage  .   (no gloves)
Will     .....                  (no boots)
Stlth    +++.......             (no amulet)
HPRegen  0.06/turn              i - ring of protection from fire
MPRegen  0.09/turn              n - +4 ring of protection

@: no status effects
A: fangs 2, magic shield, antimagic bite, no potion heal 2
a: no special abilities


You were on level 3 of the Dungeon.
You visited 1 branch of the dungeon, and saw 3 of its levels.

You collected 67 gold pieces.

Inventory:

Hand Weapons
 a - a +2 dagger (weapon)
Missiles
 d - 8 poisoned darts (quivered)
 e - 10 curare-tipped darts
Armour
 b - a +0 robe (worn)
 c - a +0 cloak (worn)
Jewellery
 i - a ring of protection from fire (left hand)
 n - a +4 ring of protection (right hand)
Scrolls
 g - 4 scrolls of noise {unknown}
 h - a scroll of fog {unknown}
 j - 2 scrolls of teleportation {unknown}
 k - a scroll of brand weapon {unknown}
 l - 2 scrolls of identify {unknown}
Potions
 f - a potion of curing {unknown}
 m - a potion of lignification {unknown}
 o - a potion of berserk rage {unknown}
 p - a potion of brilliance {unknown}


   Skills:
 - Level 1.7 Fighting
 - Level 1.7 Short Blades
 + Level 2.1 Throwing
 - Level 0.7 Dodging
 - Level 6.0 Stealth


You had 2 spell levels left.
You didn't know any spells.
Your spell library was empty.

Dungeon Overview and Level Annotations

Branches:
Dungeon (3/15)

Altars:
Elyvilon


Innate Abilities, Weirdness & Mutations

You have extremely sharp teeth.
When hurt, damage is shared between your health and your magic reserves.
Your bite disrupts and absorbs the magic of your enemies.
Potions cannot restore your health.


Message History

n - a +4 ring of protection (right hand) Unknown command.
The phantom barely misses you.
You hit the phantom.
The phantom is lightly damaged.
The phantom closely misses you.
You hit the phantom.
The phantom is lightly damaged.
The phantom hits you but does no damage.
You barely miss the phantom. You bite the phantom. You drain its power.
The phantom is moderately damaged.
The phantom hits you.
The phantom blinks!
You blink.
You hit the phantom.
The phantom is moderately damaged.
You miss the phantom.
The phantom is moderately damaged.
The phantom hits you.
The phantom blinks!
You blink.
You hit the phantom.
The phantom is moderately damaged.
The phantom hits you.
You barely miss the phantom. Your bite misses the phantom.
The phantom is moderately damaged.
The phantom hits you!
* * * LOW HITPOINT WARNING * * *
You are too injured to fight recklessly!
You are too injured to fight recklessly!
Unknown command.
There is a stone staircase leading up here.
You hit the phantom.
The phantom is moderately damaged.
The phantom hits you but does no damage.
You barely miss the phantom. You bite the phantom. You drain its power.
You feel invigorated.
The phantom is moderately damaged.
The phantom hits you.
* * * LOW HITPOINT WARNING * * *
You miss the phantom. Your bite misses the phantom.
The phantom is moderately damaged.
The phantom hits you.
You die...

# .# $# ###.#
. ##...##...
######..?...(#
#......@.#
#......W.#
#........#
#....$...#
#........#
##########


You could see a phantom.

Vanquished Creatures
  A worm (D:2)
  2 ball pythons (D:1)
  5 bats
  5 endoplasms
  A giant cockroach (D:1)
  A hobgoblin (D:1)
  3 jackals (D:2)
  2 quokkas (D:2)
  3 frilled lizards
  A goblin (D:2)
  3 kobolds (D:1)
  A rat (D:1)
28 creatures vanquished.

Notes
Turn   | Place    | Note
-------+----------+-------------------------------------------
     0 | D:1      | HAL9000 the Vine Stalker Brigand began the quest for the
                  | Orb.
     0 | D:1      | Reached XP level 1. HP: 11/11 MP: 2/2
    51 | D:1      | Reached skill level 5 in Stealth
   388 | D:1      | Reached XP level 2. HP: 15/15 MP: 3/3
   694 | D:1      | Found a faded altar of an unknown god.
   893 | D:2      | Reached skill level 6 in Stealth
   979 | D:2      | Reached XP level 3. HP: 18/18 MP: 4/4
  1420 | D:2      | Found a white marble altar of Elyvilon.
  1908 | D:3      | Noticed a phantom
  1923 | D:3      | Slain by a phantom

Illustrated notes

Levels and vault maps discovered:
D:1:      dpeg_arrival_refuge, layout_basic, hellmonk_ecumenical_altar_run_dry
D:2:      layout_basic, basic_altar
D:3:      layout_rooms, serial_shops, nicolae_shop_stone, nicolae_shop_stone,
          nicolae_square_shop, nicolae_shop_stone, shop, uniq_robin

Skill      XL: |  1  2  3 |
---------------+----------+-----
Stealth        | 5 6 |  6.0
Throwing       | 2 |  2.1
Fighting       | |  1.7
Short Blades   | |  1.7
Dodging        | |  0.7

Action                   || total
-------------------------++-------
Melee: Dagger            ||    68
       Bite              ||    13
 Stab: Sleeping          ||     9
Armor: Robe              ||    15
Dodge: Dodged            ||    34

Table legend: (Time is in decaauts)
 A = Elapsed time spent in this place.
 B = Non-inter-level travel time spent in this place.
 C = Inter-level travel time spent in this place.
 D = Time resting spent in this place.
 E = Time spent auto-exploring this place.
 F = Levels seen in this place.
 G = Mean time per level.
                   A        B        C        D        E       F      G
               +--------+--------+--------+--------+--------+-----+--------+
         Total |   1915 |   1818 |     97 |      0 |   1632 |   3 |  638.3 |
       Dungeon |   1915 |   1818 |     97 |      0 |   1632 |   3 |  638.3 |
               +--------+--------+--------+--------+--------+-----+--------+

Top non-repeatable levels by time:
     D:2: 1053 daAuts
     D:1: 848 daAuts
     D:3: 13 daAuts
